 Dungeon Crawl Stone Soup version 0.32-a0-17-gb74e046682 (webtiles) character file.

Game seed: 16549812467066349198

589793 Storm the Conqueror (level 25, -9/257 HPs)
             Began as a Minotaur Fighter on Jan 15, 2024.
             Was a High Priest of Trog.
             Mangled by a black draconian
             ... wielding a +0 halberd
              (17 damage)
             ... on level 5 of the Realm of Zot on Jan 16, 2024.
             The game lasted 05:03:25 (57669 turns).

Storm the Conqueror (Minotaur Fighter)             Turns: 57669, Time: 05:03:26

Health: -9/257     AC: 42    Str: 29    XL:     25   Next: 90%
Magic:  2/8        EV: 23    Int:  5    God:    Trog [*****.]
Gold:   8544       SH: 32    Dex: 14    Spells: 24/24 levels left

rFire   + + .        c - +9 war axe (vamp)
rCold   + + .        k - +8 tower shield
rNeg    + . .        G - +10 plate armour of Darkness {*Slow Will++ Int+2}
rPois   +            R - +2 hat of Fast {rN+ Str+2}
rElec   +            Z - scarf {rC+ rF+}
rCorr   +            N - +2 pair of gloves {Stlth+}
SInv    .            M - +2 pair of boots of Xanituch {rElec rPois Will+ Int-5}
Will    +++++        V - amulet "Woeg" {Will+ Regen+ Int+3} Stlth
                     J - ring "Zoen" {rC+ MP-9 EV+5 Slay+4}
HPRegen 1.42/turn    y - ring "Ecwooxuck" {rF+ rCorr Dex+2}
MPRegen 0.11/turn

%: random rage (9%), slow self (1%)
@: on berserk cooldown, very slightly contaminated, slowed, unable to read, very
slow
A: horns 2, retaliatory headbutt, berserk 2, dopey 1, low MP 2, teleportitis 1,
weak 1, inability to read after injury 1, devolution 1, persistent drain
}: 3/15 runes: barnacled, silver, gossamer
a: Renounce Religion, Berserk, Trog's Hand, Brothers in Arms


You were on level 5 of the Realm of Zot.
You worshipped Trog.
Trog was extremely pleased with you.
You visited 12 branches of the dungeon, and saw 55 of its levels.
You visited 1 bazaar.
You also visited: Sewer, Ice Cave and Volcano.

You collected 10689 gold pieces.
You spent 2145 gold pieces at shops.

Inventory:

Hand Weapons
 c - a +9 vampiric war axe (weapon)
 r - a +9 war axe of flaming
 W - a +5 flail of holy wrath
Armour
 k - a +8 tower shield (worn)
 t - a +0 cloak of willpower
 z - the +0 pair of boots of the Teacher {rF+}
   (You found it in a volcano)

   rF+:       It protects you from fire.
 G - the +10 plate armour of Darkness (worn) {*Slow Will++ Int+2}
   (You took it off a deep elf high priest on level 15 of the Dungeon)

   Int+2:     It affects your intelligence (+2).
   Will++:    It greatly increases your willpower.
   *Slow:     It may slow you when you take damage.
 M - the +2 pair of boots of Xanituch (worn) {rElec rPois Will+ Int-5}
   (You found it on level 12 of the Dungeon)

   Int-5:     It affects your intelligence (-5).
   rElec:     It insulates you from electricity.
   rPois:     It protects you from poison Will+: It increases your willpower.
 N - a +2 pair of gloves of stealth (worn)
 R - the +2 hat of Fast (worn) {rN+ Str+2}
   (You acquired it on level 15 of the Dungeon)

   Str+2:     It affects your strength (+2).
   rN+:       It protects you from negative energy.
 X - a scarf of repulsion
 Y - a +0 plate armour of fire resistance
 Z - a scarf of resistance (worn)
Jewellery
 a - the ring of Xeddyn Ubae {rC- rN+++ Will+ rCorr}
   (You found it on level 3 of the Elven Halls)

   [ring of willpower]

   rC-:       It makes you vulnerable to cold.
   rN+++:     It renders you almost immune to negative energy.
   Will+:     It increases your willpower.
   rCorr:     It protects you from acid and corrosion.
 e - the ring of the Crown {Will+ rCorr Str+5 Dex-3}
   (You found it on level 3 of the Realm of Zot)

   [ring of resist corrosion]

   Str+5:     It affects your strength (+5).
   Dex-3:     It affects your dexterity (-3).
   Will+:     It increases your willpower.
   rCorr:     It protects you from acid and corrosion.
 f - the amulet "Xoirauq" {Reflect rPois rF- rCorr Int+2 SH+5}
   (You acquired it on level 4 of the Vaults)

   [amulet of reflection]

   Reflect:   It reflects blocked missile attacks.
   Int+2:     It affects your intelligence (+2).
   rF-:       It makes you vulnerable to fire.
   rPois:     It protects you from poison rCorr: It protects you from acid and
   corrosion.
   SH+5:      It affects your SH (+5).
 g - a ring of protection from fire
 m - the ring of Elitism {^Contam rElec rN+++ EV+5 Str+4}
   (You found it on level 3 of the Elven Halls)

   [ring of evasion]

   EV+5:      It affects your evasion (+5).
   Str+4:     It affects your strength (+4).
   rElec:     It insulates you from electricity.
   rN+++:     It renders you almost immune to negative energy.
   ^Contam:   It causes magical contamination when unequipped.
 s - the amulet of Exkuops {Faith rPois Regen+ SInv}
   (You took it off a yaktaur captain on level 5 of the Vaults)

   [amulet of faith]

   Faith:     It allows you to gain divine favour quickly.
   rPois:     It protects you from poison SInv: It lets you see invisible.
   Regen+:    It increases your rate of health regeneration.
 y - the ring "Ecwooxuck" (right hand) {rF+ rCorr Dex+2}
   (You bought it in a shop on level 8 of the Dungeon)

   [ring of resist corrosion]

   Dex+2:     It affects your dexterity (+2).
   rF+:       It protects you from fire.
   rCorr:     It protects you from acid and corrosion.
 E - the amulet "Saosch" {Reflect rCorr MP+9 SH+5}
   (You took it off a merfolk on level 4 of the Shoals)

   [amulet of reflection]

   Reflect:   It reflects blocked missile attacks.
   MP+9:      It affects your magic capacity (+9).
   rCorr:     It protects you from acid and corrosion.
   SH+5:      It affects your SH (+5).
 J - the ring "Zoen" (left hand) {rC+ MP-9 EV+5 Slay+4}
   (You took it off a deep elf pyromancer on level 15 of the Dungeon)

   [ring of evasion]

   EV+5:      It affects your evasion (+5).
   Slay+4:    It affects your accuracy & damage with ranged weapons and melee
   (+4).
   rC+:       It protects you from cold.
   MP-9:      It affects your magic capacity (-9).
 K - a ring of protection from cold
 S - the ring of Past Mistakes {rN+ Str+6 Slay+3}
   (You bought it in a shop on level 8 of the Dungeon)

   [ring of strength]

   Str+6:     It affects your strength (+6).
   Slay+3:    It affects your accuracy & damage with ranged weapons and melee
   (+3).
   rN+:       It protects you from negative energy.
 U - a ring of flight
 V - the amulet "Woeg" (around neck) {Will+ Regen+ Int+3}
   (You found it on level 15 of the Dungeon)

   [amulet of regeneration]

   Int+3:     It affects your intelligence (+3).
   Will+:     It increases your willpower.
   Regen+:    It increases your rate of health regeneration.
Wands
 d - a wand of roots (48)
 v - a wand of mindburst (43)
 B - a wand of digging (6)
 D - a wand of flame (107)
 Q - a wand of quicksilver (33)
 T - a wand of paralysis (32)
Scrolls
 h - 9 scrolls of fog
 i - 16 scrolls of teleportation
 l - 3 scrolls of brand weapon
 n - 2 scrolls of blinking
 q - 6 scrolls of enchant armour
 w - 2 scrolls of immolation
 F - 32 scrolls of identify
 O - 14 scrolls of revelation
 P - 5 scrolls of fear
Potions
 j - 24 potions of curing
 p - 6 potions of cancellation
 u - 12 potions of heal wounds
 A - a potion of resistance
 C - 5 potions of enlightenment
 H - 11 potions of mutation
 I - 8 potions of haste
 L - 15 potions of might
Miscellaneous
 b - a sack of spiders
 o - a lightning rod (4/4)
 x - a phial of floods


   Skills:
 O Level 27 Fighting
 + Level 25.7 Axes
 + Level 25.9 Armour
 + Level 22.0 Dodging
 + Level 25.8 Shields
 - Level 7.5 Evocations


You had 24 spell levels left.
You didn't know any spells.
Your spell library contained the following spells:

 Spells                   Type           Power      Damage    Failure   Level
 Call Canine Familiar     Summ           0%         N/A       99%         3
 Sigil of Binding         Hex            0%         N/A       99%         3
 Dimensional Bullseye     Hex/Tloc       0%         N/A       100%        4
 Manifold Assault         Tloc           0%         N/A       100%        4
 Dispersal                Tloc           0%         N/A       100%        6
 Disjunction              Tloc           0%         N/A       100%        8


Dungeon Overview and Level Annotations

Branches:
Dungeon (15/15)            Temple (1/1) D:7            Lair (5/5) D:8
 Shoals (4/4) Lair:2       Spider (4/4) Lair:2        Slime (4/5) Lair:5
    Orc (2/2) D:11            Elf (3/3) Orc:2        Vaults (5/5) D:14
  Crypt (3/3) Vaults:3       Tomb (0/3) Crypt:3      Depths (4/4) D:15
    Zot (5/5) Depths:4      Sewer (visited)           IceCv (visited)
Volcano (visited)

Altars:
Ashenzari
Cheibriados
Dithmenos
Elyvilon
Fedhas
Gozag
Hepliaklqana
Kikubaaqudgha
Makhleb
Nemelex Xobeh
Okawaru
Qazlal
Ru
Sif Muna
Trog
Uskayaw
Vehumet
Wu Jian
Xom
Yredelemnul
Zin
The Shining One
Jiyva
Lugonu

Shops:
D:5 !   D:6 :   D:8 =   D:13 ?   Orc:1 *   Orc:2 :!?*[   Elf:1 (*   Shoals:2 :
Vaults:1 (   Vaults:2 ?   Vaults:3 !

Portals:
Hell: Depths:1 Depths:2 Depths:3 Depths:4
Abyss: Lair:5 Depths:3
Pandemonium: Depths:2 Depths:3
Ziggurat: Depths:1

Annotations:
D:11 exclusion: orange crystal statue
D:14 4 transporters


Innate Abilities, Weirdness & Mutations

You have a pair of horns on your head.
You reflexively headbutt those who attack you in melee.
You have an uncontrollable temper.
You are dopey. (Int -2)
Your magical capacity is very low. (-20% MP)
You are occasionally teleported next to monsters.
You are weak. (Str -2)
You occasionally lose the ability to read scrolls when taking damage.
You have hidden genetic defects.
Your health recovers twice as slowly from being drained.


Message History

The quicksilver dragon barely misses you.
The Orb Guardian barely misses you. You furiously retaliate!
You headbutt the Orb Guardian.
The storm dragon bites you but does no damage.
The storm dragon misses you.
The storm dragon tramples you but does no damage.
The electric golem blinks!
The red draconian misses you.
The white draconian hits you but does no damage.
The moth of wrath barely misses you.
Unknown command.
Okay, then.
You slash the moth of wrath!
You feel better.
You headbutt the moth of wrath.
The moth of wrath is heavily wounded.
You slash the Orb Guardian!
You feel better.
You slash the storm dragon!
You feel better.
You slice the white draconian!!
You feel better.
You slash the quicksilver dragon!
You block the quicksilver dragon's attack. x2
You block the Orb Guardian's attack. The black draconian misses you.
The storm dragon bites you but does no damage.
You block the storm dragon's attack. The storm dragon misses you.
The red draconian hits you from afar with a +0 glaive.
* * * LOW HITPOINT WARNING * * *
The quicksilver dragon bites you but does no damage.
The quicksilver dragon completely misses you.
The electric golem fails to trigger a net trap.
The Killer Klown blinks!
The white draconian closely misses you. You furiously retaliate!
You headbutt the white draconian!! The red draconian misses you.
The Orb Guardian hits you!!
* * * LOW HITPOINT WARNING * * *
The moth of wrath barely misses you. You furiously retaliate!
You headbutt the moth of wrath!
A yellow draconian comes into view. It is wielding a +0 long sword.
The yellow draconian annihilator casts a spell.
The yellow draconian annihilator blinks!
The storm dragon completely misses you. The storm dragon claws you!
* * * LOW HITPOINT WARNING * * *
The storm dragon closely misses you.
The red draconian completely misses you.
The black draconian hits you from afar with a +0 halberd!
You die...

........# #.. #####X########
##### .....§....... #......
.......☼....# ##.....^.
.....ddX{...#
##.........^....^.
...d.dq°○○.##
#....p............ ........☼Xd#
#.d...9.........^.
........q☼X##
#yd...............
..........X.#
#@Ddq§.........§.. ..........#
#DXD..^§....X..... ...........#
#dXd..............
#########...###d...............
#.^[.##d......?.......
##...........§§§.....
▓▓▓▓▓▓▓▓▓▓▓##.§.§.▓
▓▓▓▓^☼.§X.XyX...^..
#▓..○.....d.........


You could see a Killer Klown, an electric golem, 2 storm dragons, a black
draconian (berserk), a yellow draconian, a green draconian, 2 draconians, 2
draconians, a quicksilver dragon (berserk), 2 Orb Guardians, a yellow draconian
annihilator and a moth of wrath.

Vanquished Creatures
  Khufu (Crypt:1)
  2 dread liches
  An orb of fire (Zot:5)
  5 ancient liches
  Mennas (Crypt:1)
  The ghost of Muataran the Slayer, a veteran MiMo of Yredelemnul (Zot:3)
  The ghost of wilo the Conqueror, a master MfBe of Trog (Zot:3)
  Vv (Zot:3)
  Sojobo (Depths:2)
  Bai Suzhen (Depths:2)
  Saint Roka (Vaults:1)
  2 curse toes
  4 caustic shrikes (Depths:4)
  The ghost of Nian the Earth Mage, an adept OpEE of Vehumet (Crypt:1)
  12 golden dragons
  A bone dragon (Crypt:3)
  Arachne (Spider:2)
  3 doom hounds (Crypt:1)
  The ghost of Sonnol the Executioner, an adept MiFi of Gozag (Zot:3)
  An electric golem (Zot:2)
  18 tentacled monstrosities
  13 Orb Guardians (Zot:5)
  Grunn (Crypt:1)
  3 liches
  4 titans
  A shard shrike skeleton (Crypt:3)
  2 deep elf master archers (Elf:3)
  A walking frostbound tome (Depths:2)
  8 quicksilver dragons
  7 sphinxes
  3 deep elf blademasters
  Asterion (Vaults:1)
  8 death cobs
  3 acid blobs (Slime:1)
  Kirke (Shoals:1)
  Gastronok (Lair:3)
  12 storm dragons
  11 tengu reavers
  11 shadow dragons
  2 revenants (Crypt:2)
  12 fire giants
  Donald (Shoals:4)
  10 draconian knights
  A rockslime (Slime:1)
  3 protean progenitors (Zot:1)
  12 draconian monks
  An azure jelly (Slime:1)
  3 draconian shifters
  5 draconian scorchers
  10 emperor scorpions
  3 iron dragons
  11 frost giants
  5 ghost moths
  A juggernaut zombie (Crypt:2)
  6 deep elf sorcerers
  11 vault wardens
  A balrug (Depths:1)
  A ghoul (Crypt:3)
  A deep elf elementalist (Elf:3)
  2 orc warlords
  17 ironbound preservers
  A reaper (Depths:2)
  9 draconian annihilators
  18 very ugly things
  3 caustic shrike skeletons
  3 broodmothers
  2 formless jellyfish
  4 draconian stormcallers
  20 stone giants
  3 juggernaut skeletons
  7 vampire knights
  5 deep elf demonologists
  8 deep elf death magi
  4 ironbound thunderhulks
  8 red draconians
  10 black draconians
  16 green draconians
  5 war gargoyles
  9 dire elephants (Vaults:2)
  5 deep elf annihilators
  6 purple draconians
  Azrael (D:15)
  9 white draconians
  A spark wasp (Spider:4)
  14 yellow draconians
  An eidolon (Crypt:1)
  3 crystal guardians (Crypt:3)
  13 ettins
  Snorg (D:10)
  6 entropy weavers
  6 fire dragons
  8 yaktaur captains
  Josephine (D:10)
  5 merfolk impalers
  35 vault guards
  6 deep elf high priests
  3 great orbs of eyes
  5 hydras
  6 ice dragons
  3 rakshasas
  3 radroaches
  A caustic shrike simulacrum (IceCv)
  4 jorogumos
  3 ogre magi (Vaults:5)
  4 merfolk aquamancers (Shoals:4)
  2 spriggan air magi (Depths:4)
  8 ironbound frosthearts
  An alligator snapping turtle (Shoals:4)
  2 satyrs (Shoals:3)
  8 centaur warriors
  2 anacondas (shapeshifter)
  7 two-headed ogres
  An alligator (shapeshifter) (Depths:2)
  7 demonic crawlers
  3 death knights
  7 death yaks
  An Orb Guardian skeleton (Crypt:2)
  6 tengu warriors
  36 dancing weapons
  A death scarab (Spider:3)
  7 boulder beetles
  A vampire mage (Crypt:2)
  An occultist (Depths:2)
  3 spriggan berserkers (Depths:4)
  3 deep troll shamans
  6 deep troll earth magi
  8 orc high priests
  2 hell hogs (Volcano)
  Urug (D:10)
  12 hell knights
  A soul eater (Crypt:1)
  3 thrashing horrors (Lair:5)
  13 deep elf knights
  A storm dragon zombie (Depths:1)
  A sun demon (Depths:3)
  5 pharaoh ants
  A titan skeleton (Crypt:3)
  A fire crab (shapeshifter) (Vaults:5)
  8 skysharks
  2 iron trolls (Depths:4)
  15 skeletal warriors
  A shadow wraith (Vaults:3)
  A large abomination (Lair:5)
  51 deep trolls
  A deep troll (shapeshifter) (D:15)
  16 sea snakes
  4 glowing orange brains
  A golden dragon zombie (Crypt:3)
  A flayed ghost (Depths:2)
  50 slime creatures
  16 orb spiders
  A spark wasp zombie (Crypt:1)
  An orb spider (shapeshifter) (D:15)
  6 sun moths
  An orange crystal statue (IceCv)
  7 steelbarb worms
  An obsidian statue (D:15)
  4 arcanists
  5 deep elf archers
  14 lindwurms
  14 deep elf pyromancers
  19 ironbound convokers
  Pikel (D:9)
  13 harpies
  21 deep elf zephyrmancers
  13 necromancers
  9 phantasmal warriors
  16 orc knights
  A bunyip skeleton (Crypt:3)
  2 orc sorcerers
  23 wolf spiders
  A harpy (shapeshifter) (D:15)
  44 ugly things
  A frost giant zombie (Crypt:2)
  A shining eye (shapeshifter) (Vaults:5)
  8 manticores
  23 moths of wrath
  11 cyclopes
  A cyclops (shapeshifter) (Depths:1)
  A shining eye (Slime:4)
  Maurice (D:7)
  4 fauns (Shoals:3)
  3 kobold blastminers (Orc:1)
  A glowing shapeshifter (Vaults:5)
  A stone giant skeleton (Depths:1)
  2 naga zombies (Crypt:3)
  2 salamanders (Volcano)
  7 meliai
  5 merfolk sirens
  2 meliai (shapeshifter) (D:15)
  4 black mambas
  2 centaur zombies
  A dire elephant zombie (Crypt:3)
  12 elephants
  14 vault sentinels
  4 torpor snails
  4 water nymphs
  2 black mambas (shapeshifter) (D:15)
  2 gargoyles
  6 cane toads
  2 smoke demons (Depths:1)
  An eye of devastation (Slime:2)
  A red draconian zombie (Crypt:2)
  A black draconian zombie (Crypt:1)
  A torpor snail (shapeshifter) (D:15)
  A komodo dragon (shapeshifter) (D:15)
  Maggie (D:7)
  17 yaktaurs
  7 komodo dragons
  Jeremiah (Lair:1)
  A death yak zombie (Crypt:2)
  A spriggan zombie (Depths:1)
  2 unseen horrors
  2 rime drakes (shapeshifter)
  11 rime drakes
  5 freezing wraiths
  Psyche (D:10)
  An efreet (D:13)
  An alligator snapping turtle skeleton (Crypt:3)
  4 tengu conjurers
  2 golden dragon simulacra (IceCv)
  An anaconda simulacrum (IceCv)
  A red draconian skeleton (Crypt:2)
  14 trolls
  3 wind drakes
  A polar bear (Lair:3)
  15 merfolk
  A hydra skeleton (Crypt:2)
  29 tarantellas
  3 hornets (Depths:4)
  An ice dragon zombie (Crypt:1)
  3 raiju (Lair:5)
  19 blink frogs
  A glass eye (Depths:2)
  5 snapping turtles
  26 dream sheep
  An ettin zombie (Crypt:3)
  A jumping spider (shapeshifter) (Vaults:5)
  28 jumping spiders
  A shadow (D:12)
  3 spriggans (Depths:4)
  9 wraiths
  25 water elementals
  An air elemental (Elf:1)
  A vampire (D:11)
  17 culicivoras
  A satyr skeleton (Crypt:1)
  A wyvern (D:8)
  5 fire elementals
  A fire bat (Volcano)
  45 yaks
  2 ynoxinuls (Lair:5)
  5 golden eyes (Slime:2)
  A human (shapeshifter) (D:15)
  6 basilisks
  2 wargs
  A hog (Shoals:1)
  45 redbacks
  12 steam dragons
  4 chaos spawn (Lair:5)
  A swamp worm (shapeshifter) (D:15)
  Menkaure (D:6)
  2 harpy simulacra (IceCv)
  An acid dragon (D:10)
  13 water moccasins
  A two-headed ogre skeleton (Crypt:2)
  6 hell hounds (D:15)
  2 hydra simulacra (IceCv)
  37 orc warriors
  2 ice beasts
  Pargi (Sewer)
  2 sky beasts (D:7)
  17 laughing skulls (Crypt:3)
  10 ogres
  2 boggarts (Vaults:4)
  19 wolves
  6 centaurs
  A dream sheep skeleton (Crypt:1)
  2 phantoms (D:5)
  A lemure (D:9)
  11 bullfrogs
  2 gnoll sergeants
  3 kobold brigands
  3 necrophages (Crypt:3)
  10 small abominations (Lair:5)
  7 earth elementals
  A komodo dragon skeleton (Crypt:1)
  3 scorpions
  A warg skeleton (Crypt:2)
  19 wights
  A hornet simulacrum (D:15)
  5 killer bees (D:7)
  A troll zombie (Crypt:2)
  A wolf zombie (Crypt:2)
  7 electric eels
  8 howler monkeys
  A lava snake (Lair:3)
  11 jellies
  5 hounds
  Crazy Yiuf (D:3)
  3 bombardier beetles
  38 orc priests
  A sleepcap (D:4)
  An iguana (D:5)
  6 hell rats (Lair:1)
  37 orc wizards
  3 mummies (Crypt:1)
  13 gnolls
  6 adders
  A river rat (D:4)
  A shadow imp (D:6)
  A dart slug (D:5)
  3 ribbon worms
  A ribbon worm (shapeshifter) (D:14)
  89 orcs
  3 endoplasms
  2 giant cockroaches
  10 goblins
  5 hobgoblins
  3 jackals (D:2)
  21 kobolds
  7 quokkas
  10 ball pythons
  4 bats
  6 frilled lizards
  A kobold zombie (Crypt:2)
  An orc skeleton (Crypt:1)
  9 rats
  2 spectral weapons
2150 creatures vanquished.

Vanquished Creatures (collateral kills)
  Nikola (Shoals:4)
  A sphinx (Vaults:4)
  An iron dragon (Vaults:5)
  Louise (D:15)
  An ironbound preserver (Vaults:4)
  An ironbound thunderhulk (Vaults:4)
  A merfolk javelineer (Shoals:4)
  A deep elf high priest (D:15)
  2 yaktaur captains (Vaults:4)
  2 merfolk aquamancers
  An arcanist (Vaults:4)
  An ironbound convoker (Vaults:4)
  A deep troll (Vaults:4)
  An orc knight (Vaults:1)
  3 fauns (Shoals:2)
  A deep elf pyromancer (D:15)
  A glowing shapeshifter (D:15)
  5 ugly things (D:15)
  2 manticores (Shoals:2)
  A vault sentinel (Vaults:4)
  2 cyclopes
  A merfolk siren (Shoals:4)
  2 water nymphs (Shoals:2)
  2 rime drakes (Lair:4)
  A yaktaur (Vaults:1)
  11 merfolk
  2 wind drakes (Shoals:2)
  A snapping turtle (Shoals:2)
  A water elemental (Shoals:4)
  A steam dragon (Lair:4)
  A boggart (Vaults:4)
  2 orc priests (Vaults:1)
56 creatures vanquished.

Vanquished Creatures (others)
  A tengu reaver (Depths:2)
  A frost giant (Depths:2)
  A two-headed ogre (Volcano)
  A deep elf pyromancer (Elf:1)
  A cyclops (Shoals:4)
  A moth of wrath (Zot:1)
  A dream sheep (Shoals:4)
  A kobold (D:8)
8 creatures vanquished.

Grand Total: 2214 creatures vanquished

Notes
Turn   | Place    | Note
-------+----------+-------------------------------------------
     0 | D:1      | Storm the Minotaur Fighter began the quest for the Orb.
     0 | D:1      | Reached XP level 1. HP: 19/19 MP: 0/0
   207 | D:1      | Reached XP level 2. HP: 27/27 MP: 1/1
   665 | D:2      | Reached skill level 4 in Fighting
   725 | D:2      | Reached XP level 3. HP: 33/33 MP: 2/2
   903 | D:2      | Reached XP level 4. HP: 39/41 MP: 3/3
  1559 | D:3      | Reached XP level 5. HP: 47/47 MP: 4/4
  1601 | D:3      | Found a broken altar of Ashenzari.
  1691 | D:3      | Found a runed translucent door.
  1692 | D:3      | Noticed Crazy Yiuf
  1698 | D:3      | Killed Crazy Yiuf
  1903 | D:3      | Found a hide-covered altar of Uskayaw.
  2123 | D:4      | Reached skill level 5 in Armour
  2128 | D:4      | Reached skill level 5 in Fighting
  2128 | D:4      | Reached skill level 5 in Shields
  2139 | D:4      | Found a blossoming altar of Fedhas.
  2193 | D:4      | Reached XP level 6. HP: 53/56 MP: 5/5
  2205 | D:4      | Identified the +0 scale mail "Umothua" {Rampage rC- Str+2}
  2219 | D:4      | Found a glowing drain.
  2230 | Sewer    | Entered a sewer
  2249 | Sewer    | Noticed Pargi
  2255 | Sewer    | Killed Pargi
  2483 | D:4      | Reached XP level 7. HP: 42/62 MP: 6/6
  2739 | D:4      | Reached skill level 5 in Axes
  3051 | D:5      | Entered Level 5 of the Dungeon
  3063 | D:5      | Reached skill level 6 in Fighting
  3275 | D:5      | Reached XP level 8. HP: 71/71 MP: 7/7
  3494 | D:5      | Reached skill level 7 in Fighting
  3622 | D:5      | Found Eritonk's Distillery.
  4091 | D:6      | Noticed Menkaure
  4104 | D:6      | Killed Menkaure
  4163 | D:6      | Found Ufrisiff's Book Emporium.
  4386 | D:6      | Reached skill level 8 in Fighting
  4386 | D:6      | Reached XP level 9. HP: 52/81 MP: 8/8
  4752 | D:6      | You fall into a shaft and drop 2 floors!
  4809 | D:7      | Found a stormy altar of Qazlal.
  5247 | D:7      | Reached skill level 9 in Fighting
  5285 | D:7      | Noticed Maggie
  5285 | D:7      | Noticed Maurice
  5300 | D:7      | Killed Maggie
  5302 | D:7      | Something stole an amulet of faith
  5304 | D:7      | Something stole a +2 hand axe of electrocution
  5305 | D:7      | Something stole a throwing net
  5306 | D:7      | Something stole 352 gold
  5402 | D:7      | Killed Maurice
  5403 | D:7      | Reached XP level 10. HP: 53/91 MP: 9/9
  5621 | D:7      | Found a staircase to the Ecumenical Temple.
  5631 | Temple   | Entered the Ecumenical Temple
  5663 | Temple   | Became a worshipper of Trog the Wrathful
  6002 | D:8      | Reached skill level 10 in Fighting
  6002 | D:8      | Reached skill level 10 in Armour
  6058 | D:8      | Reached skill level 10 in Shields
  6083 | D:8      | Reached * piety under Trog
  6157 | D:8      | Found a staircase to the Lair.
  6533 | D:8      | Found Luebosee's Jewellery Emporium.
  6553 | D:8      | Reached skill level 10 in Axes
  6559 | D:8      | Reached ** piety under Trog
  6642 | Lair:1   | Entered Level 1 of the Lair of Beasts
  6819 | D:8      | Found a hazy altar of Hepliaklqana.
  6995 | D:9      | Noticed Pikel
  7004 | D:9      | Killed Pikel
  7138 | D:9      | Found an ornate altar of the Wu Jian Council.
  7291 | D:9      | Reached XP level 11. HP: 99/101 MP: 10/10
  7312 | D:9      | Reached skill level 11 in Fighting
  7314 | D:9      | Found a shimmering altar of Xom.
  7505 | D:10     | Entered Level 10 of the Dungeon
  7630 | D:10     | Reached *** piety under Trog
  7698 | D:10     | Noticed Urug
  7717 | D:10     | Killed Urug
  7885 | D:10     | Noticed Josephine
  7893 | D:10     | Killed Josephine
  7952 | D:10     | Noticed a centaur warrior
  7963 | D:10     | Killed a centaur warrior
  8133 | D:10     | Identified the maw talisman of the Pits of Slime {rCorr}
  8361 | D:10     | Noticed Snorg
  8367 | D:10     | Killed Snorg
  8368 | D:10     | Reached skill level 1 in Dodging
  8653 | D:8      | Bought the ring "Ecwooxuck" {rF+ rCorr Dex+2} for 534 gold
                  | pieces
  8808 | D:10     | Noticed Psyche
  8818 | D:10     | Killed Psyche
  8819 | D:10     | Reached skill level 12 in Fighting
  9095 | D:11     | Found a staircase to the Orcish Mines.
  9203 | D:11     | Found a stormy altar of Qazlal.
  9231 | D:11     | Noticed an orc knight
  9247 | D:11     | Killed an orc knight
  9567 | D:11     | Noticed an orange crystal statue
  9675 | Orc:1    | Entered Level 1 of the Orcish Mines
  9720 | D:11     | Reached XP level 12. HP: 46/112 MP: 11/11
 10107 | D:12     | Noticed a two-headed ogre
 10115 | D:12     | Killed a two-headed ogre
 10330 | D:12     | Identified the +2 pair of boots of Xanituch {rElec rPois
                  | Will+ Int-5}
 10342 | D:12     | Lost intelligence.
 10686 | D:12     | Identified the +5 scale mail of Gravitas {rElec Dex+7}
 10757 | D:12     | Found a gateway to a bazaar.
 10763 | Bazaar   | Entered a bazaar
 10763 | Bazaar   | Found Ytzuen's Distillery.
 10763 | Bazaar   | Found Mielics's Magic Scroll Shop.
 10763 | Bazaar   | Found Cuonlada's General Store.
 10765 | Bazaar   | Found Vehumig's General Store.
 11033 | D:13     | Found Josh's Magic Scroll Shop.
 11137 | D:13     | Reached **** piety under Trog
 11235 | D:13     | Noticed a five-headed hydra
 11244 | D:13     | Killed a one-headed hydra
 11323 | D:13     | Noticed a tengu warrior
 11330 | D:13     | Killed a tengu warrior
 11855 | D:8      | Bought the ring of Past Mistakes {rN+ Str+6 Slay+3} for 837
                  | gold pieces
 11906 | Lair:1   | Reached skill level 13 in Fighting
 11906 | Lair:1   | Reached skill level 5 in Dodging
 11987 | Lair:1   | Noticed a death yak
 11988 | Lair:1   | Noticed a death yak
 11989 | Lair:1   | Noticed a death yak
 11989 | Lair:1   | Noticed a death yak
 11990 | Lair:1   | Noticed a death yak
 12007 | Lair:1   | Killed a death yak
 12013 | Lair:1   | Killed a death yak
 12014 | Lair:1   | Noticed a death yak
 12021 | Lair:1   | Killed a death yak
 12024 | Lair:1   | Killed a death yak
 12027 | Lair:1   | Killed a death yak
 12030 | Lair:1   | Killed a death yak
 12224 | Lair:1   | Reached XP level 13. HP: 122/122 MP: 12/12
 12234 | Lair:1   | Noticed Jeremiah
 12267 | Lair:1   | Killed Jeremiah
 12620 | Lair:1   | You fall into a shaft and drop 1 floor!
 13106 | Lair:2   | Found a staircase to the Shoals.
 13592 | Lair:2   | Reached ***** piety under Trog
 13775 | Lair:2   | Found a hole to the Spider Nest.
 14066 | Lair:3   | Noticed Gastronok
 14078 | Lair:3   | Killed Gastronok
 14162 | Lair:3   | Reached skill level 14 in Fighting
 14223 | Lair:3   | Found a dark tunnel.
 14225 | Lair:3   | Found the +10 Black Knight's barding {ponderous, rPois rN+}
 14234 | Volcano  | Entered a volcano
 14541 | Volcano  | Identified the +0 pair of boots of the Teacher {rF+}
 15271 | Lair:3   | Reached XP level 14. HP: 133/133 MP: 13/13
 15325 | Lair:3   | Received a gift from Trog
 15912 | Lair:5   | Entered Level 5 of the Lair of Beasts
 16203 | Lair:4   | Reached skill level 15 in Fighting
 16203 | Lair:4   | Reached skill level 15 in Armour
 16388 | Lair:4   | Reached skill level 15 in Shields
 16935 | D:14     | Received a gift from Trog
 17146 | D:14     | Found a transporter.
 17146 | D:14     | Found a transporter.
 17148 | D:14     | Found a transporter.
 17148 | D:14     | Found a transporter.
 17803 | D:14     | Reached skill level 15 in Axes
 18052 | D:14     | Found a gate to the Vaults.
 18495 | Orc:2    | Entered Level 2 of the Orcish Mines
 18891 | Orc:2    | Found a staircase to the Elven Halls.
 19031 | Orc:1    | Found Nilyph's General Store.
 19092 | Orc:2    | Found Fuxiobb's Armour Emporium.
 19189 | Orc:2    | Received a gift from Trog
 19635 | Orc:2    | Reached XP level 15. HP: 92/141 MP: 14/14
 19795 | Orc:2    | Reached skill level 10 in Dodging
 19835 | Elf:1    | Entered Level 1 of the Elven Halls
 20003 | Orc:2    | Found Kikext's Magic Scroll Boutique.
 20003 | Orc:2    | Found Tegrin's Assorted Antiques.
 20004 | Orc:2    | Found Gabbefav's Book Boutique.
 20004 | Orc:2    | Found Xiugic's Distillery.
 20124 | Orc:2    | Bought a +2 pair of gloves for 280 gold pieces
 20369 | Lair:5   | Found a staircase to the Slime Pits.
 20369 | Lair:5   | Found a viscous altar of Jiyva.
 20994 | Lair:5   | Reached skill level 16 in Fighting
 21002 | Lair:5   | Received a gift from Trog
 21043 | Lair:5   | Reached ****** piety under Trog
 21237 | Lair:5   | Found a corrupted altar of Lugonu.
 21237 | Lair:5   | Found a one-way gate to the infinite horrors of the Abyss.
 21248 | Lair:5   | Identified the staff of Ointment {rElec rPois Dex-2 SInv
                  | Hexes Alchemy}
 21956 | D:15     | Entered Level 15 of the Dungeon
 21989 | D:15     | Identified a scroll of acquirement
 21989 | D:15     | Acquired the +2 hat of Fast {rN+ Str+2}
 22035 | D:15     | Noticed Louise
 22063 | D:15     | Killed Louise
 22156 | D:15     | Noticed Azrael
 22178 | D:15     | Killed Azrael
 22178 | D:15     | Received a gift from Trog
 22358 | D:15     | Identified the ring "Zoen" {rC+ MP-9 EV+5 Slay+4}
 22359 | D:15     | Identified the +10 plate armour of Darkness {*Slow Will++
                  | Int+2}
 22389 | D:15     | Identified the amulet "Woeg" {Will+ Regen+ Int+3}
 22391 | D:15     | Identified the +6 broad axe "Meghuerch" {spect, rElec}
 22726 | D:15     | Found a staircase to the Depths.
 22897 | D:15     | Reached XP level 16. HP: 152/152 MP: 6/15
 23627 | Elf:1    | Received a gift from Trog
 23737 | Elf:1    | Found an ancient bone altar of Kikubaaqudgha.
 23759 | Elf:1    | Reached skill level 17 in Fighting
 23990 | Elf:1    | Found Isattous's Antique Weapon Boutique.
 24053 | Elf:1    | Found Onekhlate's General Store.
 24927 | Elf:2    | Found a runed translucent gate.
 24927 | Elf:2    | Found a runed translucent gate.
 24927 | Elf:2    | Found a runed translucent gate.
 24937 | Elf:2    | Noticed a deep elf blademaster
 25115 | Elf:2    | Received a gift from Trog
 25567 | Elf:2    | Killed a deep elf blademaster
 25789 | Elf:2    | Reached XP level 17. HP: 120/163 MP: 7/16
 26727 | D:13     | Bought a scroll of enchant weapon for 105 gold pieces
 26727 | D:13     | Bought a scroll of enchant armour for 105 gold pieces
 27215 | Spider:1 | Entered Level 1 of the Spider Nest
 27316 | Spider:1 | Received a gift from Trog
 27325 | Spider:1 | Found a glacial archway.
 27339 | Spider:1 | Reached skill level 18 in Fighting
 27361 | IceCv    | Entered an ice cave
 27375 | IceCv    | Found a transporter.
 27388 | IceCv    | Found a transporter.
 28353 | Spider:2 | Noticed Arachne
 28380 | Spider:2 | Killed Arachne
 28605 | Spider:2 | Identified the +5 leather armour "Tout" {Int+3}
 29344 | Spider:2 | Received a gift from Trog
 29844 | Spider:3 | Identified the +1 war axe "Suoko" {spect, Will+ Str+3
                  | Dex+3}
 30183 | Spider:4 | Entered Level 4 of the Spider Nest
 30280 | Spider:4 | Reached XP level 18. HP: 173/173 MP: 8/17
 30575 | Spider:4 | Reached skill level 1 in Evocations
 30581 | Spider:4 | Received a gift from Trog
 30895 | Spider:4 | Reached skill level 19 in Fighting
 31176 | Spider:4 | Got a gossamer rune of Zot
 31497 | Shoals:1 | Entered Level 1 of the Shoals
 31528 | Shoals:1 | Noticed Kirke
 31538 | Shoals:1 | Killed Kirke
 32139 | Shoals:2 | Received a gift from Trog
 32178 | Shoals:2 | Found Weugh's Vocational Training.
 32917 | Shoals:3 | Reached skill level 20 in Fighting
 32975 | Shoals:3 | Identified the +1 scale mail of Bene Zoi {rElec Int+3 Dex+4
                  | Stlth-}
 33314 | Shoals:4 | Entered Level 4 of the Shoals
 33321 | Shoals:4 | Received a gift from Trog
 33356 | Shoals:4 | Reached XP level 19. HP: 185/185 MP: 9/18
 33416 | Shoals:4 | Noticed Nikola
 33427 | Shoals:4 | Killed Nikola
 33428 | Shoals:4 | Reached skill level 15 in Dodging
 33657 | Shoals:4 | Identified the amulet "Saosch" {Reflect rCorr MP+9 SH+5}
 33782 | Shoals:4 | Received a gift from Trog
 33797 | Shoals:4 | Got a barnacled rune of Zot
 33831 | Shoals:4 | Identified the +5 rapier "Benakhlut" {flame, rF+}
 33831 | Shoals:4 | Noticed Donald
 33841 | Shoals:4 | Killed Donald
 34635 | Vaults:1 | Entered Level 1 of the Vaults
 34660 | Vaults:1 | Reached skill level 5 in Evocations
 34879 | Vaults:1 | Noticed Saint Roka
 34896 | Vaults:1 | Killed Saint Roka
 35347 | Vaults:1 | Reached skill level 21 in Fighting
 35852 | Vaults:1 | Noticed Asterion
 35857 | Vaults:1 | Killed Asterion
 35889 | Vaults:1 | Found Ilaec's Weapon Shop.
 35941 | Vaults:1 | Received a gift from Trog
 36211 | Vaults:2 | Identified the +8 lajatang of Pudup {protect, rElec Str-2
                  | Int+9}
 36577 | Vaults:2 | Reached XP level 20. HP: 199/199 MP: 10/19
 36661 | Vaults:2 | Found Plog's Magic Scroll Emporium.
 37010 | Vaults:2 | Reached skill level 22 in Fighting
 37047 | Vaults:2 | Received a gift from Trog
 37472 | Vaults:3 | Found Viaduaq's Distillery.
 37754 | Vaults:3 | Received a gift from Trog
 37992 | Vaults:3 | Found a staircase to the Crypt.
 38393 | Vaults:4 | Received a gift from Trog
 38405 | Vaults:4 | Reached skill level 23 in Fighting
 38731 | Vaults:4 | Acquired the amulet "Xoirauq" {Reflect rPois rF- rCorr
                  | Int+2 SH+5}
 38953 | Vaults:4 | Reached XP level 21. HP: 177/211 MP: 11/20
 39173 | Vaults:4 | Identified the +2 chain mail of the Evening {rC+}
 39588 | Elf:3    | Entered Level 3 of the Elven Halls
 40073 | Elf:3    | Identified the ring of Xeddyn Ubae {rC- rN+++ Will+ rCorr}
 40196 | Elf:3    | Received a gift from Trog
 40209 | Elf:3    | Identified the +5 rapier of Uncertain Death {spect, rC-
                  | Int+5}
 40230 | Elf:3    | Identified the +2 sling of the Traitor {flame, rN+ Will+
                  | Str+6 Int-2}
 40244 | Elf:3    | Identified the +1 ring mail "Edomoor" {MP+9}
 40248 | Elf:3    | Identified the dragon-blood talisman of Defiance {rElec
                  | rF++ rN+++ Int-2}
 40249 | Elf:3    | Identified the +3 broad axe "Fuagoli" {freeze, Stlth+}
 40428 | Elf:3    | Identified the ring of Elitism {^Contam rElec rN+++ EV+5
                  | Str+4}
 41217 | Slime:1  | Entered Level 1 of the Pits of Slime
 41800 | Slime:4  | Gained mutation: You occasionally lose the ability to read
                  | scrolls when taking damage. [a shining eye]
 41850 | Slime:4  | Received a gift from Trog
 42210 | Depths:1 | Entered Level 1 of the Depths
 42273 | Depths:1 | Reached skill level 24 in Fighting
 42466 | Depths:1 | Identified the ring of Surprise {rElec rC+ Will+ Str+3}
 42655 | Depths:1 | Found a bloodstained altar of Trog.
 42659 | Depths:1 | Found a one-way gateway to a ziggurat.
 42711 | Depths:1 | Found a broken altar of Ashenzari.
 42853 | Depths:1 | Found a gateway to Hell.
 42866 | Depths:1 | Identified the +5 quarterstaff "Voesycs" {protect, Fly
                  | Int+2}
 42868 | Depths:1 | Identified the +0 chain mail of the Desert {Rampage rPois
                  | Stlth+}
 42869 | Depths:1 | Identified the +9 chain mail of the Sky {rN+}
 43202 | Depths:2 | Noticed Bai Suzhen
 43228 | Depths:2 | Killed Bai Suzhen
 43235 | Depths:2 | Noticed Sojobo
 43284 | Depths:2 | Killed Sojobo
 43431 | Depths:2 | Received a gift from Trog
 43456 | Depths:2 | Noticed a golden dragon
 43475 | Depths:2 | Killed a golden dragon
 43587 | Depths:2 | Reached XP level 22. HP: 214/224 MP: 12/21
 43848 | Depths:2 | Noticed a golden dragon
 43856 | Depths:2 | Killed a golden dragon
 43878 | Depths:2 | Found a one-way gate leading to the halls of Pandemonium.
 45651 | Depths:4 | Entered Level 4 of the Depths
 45702 | Depths:4 | Received a gift from Trog
 45856 | Depths:4 | Noticed a caustic shrike
 45858 | Depths:4 | Noticed a caustic shrike
 45861 | Depths:4 | Killed a caustic shrike
 45867 | Depths:4 | Killed a caustic shrike
 45874 | Depths:4 | Noticed a caustic shrike
 45876 | Depths:4 | Noticed a caustic shrike
 45886 | Depths:4 | Killed a caustic shrike
 45887 | Depths:4 | Killed a caustic shrike
 46544 | Depths:4 | Found a gate to the Realm of Zot.
 46647 | Depths:4 | Received a gift from Trog
 46650 | Depths:4 | Reached skill level 25 in Fighting
 46972 | Depths:4 | Noticed a golden dragon
 46988 | Depths:4 | Killed a golden dragon
 47586 | Vaults:5 | Entered Level 5 of the Vaults
 47590 | Vaults:5 | Noticed an ancient lich
 47629 | Vaults:4 | Reached XP level 23. HP: 46/232 MP: 13/22
 47629 | Vaults:4 | Killed an ancient lich
 47834 | Vaults:4 | Received a gift from Trog
 47890 | Vaults:5 | Noticed an ancient lich
 47915 | Vaults:4 | Killed an ancient lich
 48046 | Vaults:5 | Gained mutation: You are occasionally teleported next to
                  | monsters. [a shining eye]
 48164 | Vaults:5 | Identified the +4 halberd "Lacush" {holy, Dex+7}
 48164 | Vaults:5 | Identified the amulet of Exkuops {Faith rPois Regen+ SInv}
 48258 | Vaults:5 | Identified the +0 ring mail of a volcano {Regen+ SInv}
 48272 | Vaults:5 | Received a gift from Trog
 48473 | Vaults:5 | Identified the +1 robe of Sunlight {Dex+3}
 48479 | Vaults:5 | Noticed a dread lich
 48486 | Vaults:5 | Killed a dread lich
 48790 | Vaults:5 | Identified the +9 chain mail of Keridweh {rC++}
 49035 | Vaults:5 | Got a silver rune of Zot
 50152 | Orc:1    | Bought a scroll of enchant weapon for 112 gold pieces
 50152 | Orc:1    | Bought a scroll of enchant armour for 112 gold pieces
 50152 | Orc:1    | Bought a potion of might for 60 gold pieces
 50424 | Crypt:1  | Entered Level 1 of the Crypt
 50434 | Crypt:1  | Received a gift from Trog
 50539 | Crypt:1  | Noticed Khufu
 50558 | Crypt:1  | Killed Khufu
 50842 | Crypt:1  | Noticed Grunn
 50856 | Crypt:1  | Killed Grunn
 51028 | Crypt:1  | Identified the +0 ring mail of Slovenliness {Dex+3}
 51079 | Crypt:1  | Noticed Mennas
 51106 | Crypt:1  | Killed Mennas
 51123 | Crypt:1  | Found a runed translucent door.
 51124 | Crypt:1  | Found a shimmering altar of Xom.
 51124 | Crypt:1  | Noticed Nian's ghost (adept OpEE)
 51124 | Crypt:1  | Identified the +9 rapier of Xuymam {chaos, Will+}
 51138 | Crypt:1  | Killed Nian's ghost
 51570 | Crypt:2  | Reached skill level 26 in Fighting
 51622 | Crypt:2  | Received a gift from Trog
 51695 | Crypt:2  | Reached XP level 24. HP: 245/245 MP: 13/22
 51790 | Crypt:2  | Found a basalt altar of Yredelemnul.
 51931 | Crypt:3  | Entered Level 3 of the Crypt
 51952 | Crypt:3  | Found a basalt altar of Yredelemnul.
 51952 | Crypt:3  | Noticed a dread lich
 51960 | Crypt:3  | Killed a dread lich
 51979 | Crypt:3  | Got an ivory gem with 295 turns to spare
 52004 | Crypt:3  | Identified the ring "Romoyxig" {+Blink rN+}
 52004 | Crypt:3  | Identified the ring of Rafeylarac {rN+ Dex+8 Slay+3 Stlth-}
 52005 | Crypt:3  | Identified the staff "Difunow" {rN+ Int+4 Necro Air}
 52298 | Crypt:3  | Lost the ivory gem through the power of Zot.
 52355 | Crypt:3  | Received a gift from Trog
 52470 | Crypt:3  | Found a staircase to the Tomb.
 52678 | Crypt:3  | Identified the +5 rapier of Xel Fiku {protect, Dex+3}
 53276 | Zot:1    | Entered Level 1 of the Realm of Zot
 53412 | Zot:1    | Received a gift from Trog
 54138 | Zot:1    | Identified the +2 war axe of the Mauling Gods {freeze, MP+9
                  | Str+2}
 54423 | Zot:2    | Received a gift from Trog
 54424 | Zot:2    | Reached XP level 25. HP: 228/255 MP: 13/22
 55074 | Zot:3    | Found a runed translucent gate.
 55075 | Zot:3    | Found a runed translucent gate.
 55077 | Zot:3    | Found a runed translucent gate.
 55221 | Zot:3    | Reached skill level 27 in Fighting
 55442 | Zot:3    | Noticed Vv
 55475 | Zot:3    | Killed Vv
 55912 | Zot:3    | Noticed Muataran's ghost (veteran MiMo)
 55912 | Zot:3    | Noticed wilo's ghost (master MfBe)
 55913 | Zot:3    | Noticed Sonnol's ghost (adept MiFi)
 55946 | Zot:3    | Killed Muataran's ghost
 55965 | Zot:3    | Killed Sonnol's ghost
 55988 | Zot:3    | Killed wilo's ghost
 56125 | Zot:3    | Identified the ring of the Crown {Will+ rCorr Str+5 Dex-3}
 56229 | Zot:4    | HP: 14/385 [shadow dragon (9)]
 56455 | Zot:4    | Received a gift from Trog
 56757 | Zot:4    | Identified the +2 dagger of Mutilation {freeze, rPois Int-5
                  | Dex-2 SInv}
 57501 | Zot:5    | Entered Level 5 of the Realm of Zot
 57548 | Zot:5    | Gained mutation: Your magical capacity is low. (-10% MP)
                  | [mutagenic glow]
 57551 | Zot:5    | Noticed an orb of fire
 57551 | Zot:5    | Noticed a Killer Klown
 57551 | Zot:5    | Noticed an ancient lich
 57551 | Zot:5    | Noticed an ancient lich
 57561 | Zot:5    | Gained mutation: You sometimes lose your temper in combat.
                  | [an orb of fire]
 57562 | Zot:5    | Gained mutation: You are dopey. (Int -2) [mutagenic glow]
 57563 | Zot:5    | Noticed a Killer Klown
 57571 | Zot:5    | Gained mutation: You are weak. (Str -2) [an orb of fire]
 57578 | Zot:5    | Noticed an ancient lich
 57578 | Zot:5    | Gained mutation: You have hidden genetic defects.
                  | [mutagenic glow]
 57590 | Zot:5    | Killed an ancient lich
 57593 | Zot:5    | Gained mutation: Your magical capacity is very low. (-20%
                  | MP) [mutagenic glow]
 57596 | Zot:5    | Killed an ancient lich
 57621 | Zot:5    | Gained mutation: You have an uncontrollable temper. [an orb
                  | of fire]
 57626 | Zot:5    | Killed an ancient lich
 57638 | Zot:5    | Gained mutation: Your health recovers twice as slowly from
                  | being drained. [an orb of fire]
 57639 | Zot:5    | Killed an orb of fire
 57669 | Zot:5    | HP: 8/257 [storm dragon (9)]
 57669 | Zot:5    | Mangled by a black draconian

Illustrated notes

Levels and vault maps discovered:
D:1:      dpeg_arrival_three_same_balls, layout_rooms
D:2:      layout_loops_ring
D:3:      layout_basic, mainiacjoe_overflow_six_doors_small,
          nicolae_uskayaw_suspiria, uniq_crazy_yiuf_cottage
D:4:      layout_basic, mainiacjoe_overflow_cross_hatched,
          cheibrodos_sewer_entry_sluice
D:5:      layout_basic, serial_shops, shop, grunt_ministairs_6
D:6:      layout_gridville, serial_shops, nicolae_lakefront_shop, uniq_menkaure
D:7:      minmay_flawed_box, layout_loops_ring,
          nicolae_qazlal_beasts_of_the_sky, minmay_temple_entry_poolview,
          uniq_maggie, uniq_maurice
D:8:      layout_loops_cross, lemuel_coloured_pillars_altar, erik_lair_island,
          serial_shops, shop, minmay_orc_keep
D:9:      layout_basic, nicolae_wu_jian_immortal_techniques,
          mainiacjoe_overflow_small_starburst, corexii_leaking_fountain,
          uniq_pikel
D:10:     layout_stronghold, uniq_urug, uniq_psyche, uniq_josephine, uniq_snorg
D:11:     minmay_statue_hallways, layout_irregular_city, orc_0_dummy,
          nicolae_qazlal_style_of_elements
D:12:     layout_cave_pods, serial_shops, bzr_entry_safe
D:13:     layout_irregular_city, serial_shops, nicolae_shop_rolling_square
D:14:     layout_basic, david_vaults_1, minmay_fountain_box,
          amcnicky_mini_pool_small, nicolae_diode_quadrants
D:15:     vault_1, layout_cave_pools, serial_park, serial_park_tiny_pond,
          serial_park_square1 [serial_park_minivault_5x5_8], serial_park_tiny_1,
          serial_park_tiny_2, uniq_louise, uniq_azrael
Temple:   regret_index_temple_generic_petals
Lair:1:   layout_cave_pods, st_stairs_6, uniq_jeremiah
Lair:2:   layout_concentric_octagons, shoals_dummy_entry,
          nicolae_spider_entry_tight_spaces
Lair:3:   layout_gridlike, enter_volcano_1, minmay_shattered_shrine,
          uniq_gastronok
Lair:4:   layout_misc_corridors, bobbens_dragon_lair_wall
Lair:5:   hellmonk_lair_end_abyssal_woods, layout_cave_pods,
          nicolae_slime_entry_field_trip, serial_bayou_shore_a,
          grunt_megastairs_5
Shoals:1: layout_shoals, uniq_kirke
Shoals:2: layout_shoals, nicolae_shop_vocational
Shoals:3: layout_shoals, nicolae_shoals_nautilus_by_nature,
          nicolae_shoals_seven_spires, hangedman_shoals_cup_caves
Shoals:4: shoals_end_grunt_ice, layout_shoals, uniq_nikola, uniq_donald
Spider:1: layout_cave_pods, portal_ice_cave_entry_ugly_swarm, drop_trap
Spider:2: layout_chambers, hellmonk_test_site, uniq_arachne
Spider:3: nicolae_spider_hilbert_zone_5 [nicolae_spider_hilbert_3_sides_1_open,
          nicolae_spider_hilbert_4_sides_1_open,
          nicolae_spider_hilbert_4_sides_1_open,
          nicolae_spider_hilbert_6_sides_1_open,
          nicolae_spider_hilbert_6_sides_1_open]
Spider:4: grunt_spider_rune_circles, nicolae_spider_nook
Slime:1:  layout_caves, cheibrodos_slime_lost_civilization_6
Slime:2:  layout_caves, nicolae_slime_rock_hall_of_fame
Slime:3:  layout_caves
Slime:4:  nicolae_slime_jelly_donut, layout_caves, basic_altar
Orc:1:    layout_caves, serial_shops, nicolae_lakefront_shop
Orc:2:    st_orc_pillars, layout_caves, serial_shops,
          nicolae_shop_rolling_square, basic_altar, nicolae_orc_sculptors_studio
Elf:1:    eino_elf_arrival_shootout, layout_loops_corners, basic_altar,
          serial_shops, nicolae_shop_crystal,
          nicolae_shop_pleasant_corner_grove, nicolae_elf_crossing_hall
Elf:2:    nicolae_elf_blades_splatter_lattice [nicolae_blade_bullseye],
          layout_geoelf_diagonals, lemuel_upstairs_altar
Elf:3:    elf_hall, layout_gridlike, nicolae_elf_glassroom_feature
Vaults:1: nicolae_vaults_layer_cake_slice,
          nicolae_vaults_windows_and_doors_thing, nicolae_vaults_asterisk,
          vaults_room_stairs_pillars, layout_vaults_omnigrid, serial_shops,
          shop, uniq_saint_roka, uniq_asterion
Vaults:2: nicolae_vaults_tetromino_T_1, nicolae_vaults_security_offices_1,
          vaults_dpeg_diagonal, ontoclasm_vaults_misaligned, v_misc_11,
          nicolae_vaults_twisting_passages, v_misc_17, v_misc_10,
          dpeg_vaults_monster_box, layout_vaults_ring, serial_shops,
          nicolae_shop_rolled_up
Vaults:3: vaults_room_stairs_pillars, v_misc_25, blue_anna_dwarven_crypt,
          vaults_mumra_chevron_long, v_alt_pattern_5, vaults_room_guarded_vault,
          nicolae_vaults_closet_pinwheel_2, nicolae_vaults_circle_grid_a,
          nicolae_vaults_specimen_jars, vaults_mumra_lcd, vaults_mumra_chevron,
          hangedman_vaults_corner_blocks, hangedman_vaults_corner, v_misc_2,
          layout_vaults_maze, serial_shops, shop
Vaults:4: v_alt_pattern_2, vaults_dpeg_cross, v_misc_12,
          hangedman_vaults_stream, nicolae_vaults_trapezoid_3,
          nicolae_vaults_six-pack, ontoclasm_vaults_fault,
          vaults_dpeg_encased_lava, nicolae_vaults_network_square, v_misc_23,
          hangedman_vaults_impose, ontoclasm_vaults_twist,
          nicolae_vaults_little_squares_4, nicolae_vaults_crenellated_ambush,
          layout_vaults_omnibox
Vaults:5
Crypt:1:  layout_gridlike, ebering_ghost_xom, uniq_grunn, uniq_mennas,
          uniq_khufu
Crypt:2:  layout_chaotic_city, basic_altar
Crypt:3:  cryptofortress_bobbens
Depths:1: cross_vault, layout_small_grid, enter_ziggurat_e, lightli_too_deep,
          bloody_trog, evilmike_ruin_ashenzari, grunt_megastairs_3
Depths:2: nzn_winding_woodlands_large [nzn_winding_woodlands_5x5_closed_star,
          nzn_winding_woodlands_5x15_cabin,
          nzn_winding_woodlands_5x5_checkerboard,
          nzn_winding_woodlands_center_garden,
          nzn_winding_woodlands_15x15_boxy_spiral,
          nzn_winding_woodlands_center_pierced_h,
          nzn_winding_woodlands_hourglass, nzn_winding_woodlands_5x15_eye,
          nzn_winding_woodlands_5x5_cross], layout_twisted_cross,
          pf_coc_iceberg, grunt_pan_entry_spiral, corexii_corridor_pit,
          grunt_decor_cap, lemuel_nasty_fountain, uniq_josephina,
          uniq_bai_suzhen, uniq_sojobo
Depths:3: lemuel_flame_loot_2, layout_cave_shapes, abyss_entry,
          rand_demon_pan_entry_4, hell_entry
Depths:4: grunt_zot_entry_pinwheel, layout_gridlike, hell_entry,
          hangedman_decor_push
Zot:1:    regret_index_malice_mire, layout_misc_corridors,
          hangedman_zot_diagonal_lockstep
Zot:2:    layout_misc_corridors, regret_index_zotdec_zees
Zot:3:    layout_gridville, gammafunk_ghost_cemetery,
          hangedman_zot_decor_checkerboard, guppyfry_library_mini, uniq_vv
Zot:4:    layout_cathedral_of_symmetry
Zot:5:    layout_cathedral_of_symmetry, gammafunk_ghost_mausoleum

Skill      XL: |  1  2  3  4  5  6  7  8  9 10 11 12 13 14 15 16 17 18 19 20 21 22 23 24 25 |
---------------+----------------------------------------------------------------------------+-----
Shields        | 4 5 6 8 9 10 12 13 14 15 16 17 18 19 20 21 22 23 24 25 | 25.8
Armour         | 4 5 6 8 9 10 12 13 14 15 16 17 18 19 20 21 22 23 24 25 | 25.9
Fighting       | 4 5 6 8 9 10 12 13 14 15 16 17 18 20 21 23 24 25 26 27 | 27.0
Axes           | 3 4 6 7 9 10 11 13 14 15 16 17 18 19 20 21 22 23 24 25 | 25.7
Dodging        | 2 5 8 9 11 12 14 15 16 17 18 19 20 22 | 22.0
Evocations     | 4 6 7 |  7.5

Action                     |  1- 3 |  4- 6 |  7- 9 | 10-12 | 13-15 | 16-18 | 19-21 | 22-24 | 25-27 || total
---------------------------+-------+-------+-------+-------+-------+-------+-------+-------+-------++-------
  Melee: War axe           |    59 |    69 |    65 |   452 |   932 |  1023 |  1222 |  1465 |   532 ||  5819
         Headbutt          |     9 |    12 |    31 |    99 |   213 |   273 |   394 |   494 |   186 ||  1711
         Hand axe          |       |    31 |   144 |       |       |       |       |       |       ||   175
 Invoke: Berserk           |       |       |       |     3 |     4 |     1 |     3 |     2 |     5 ||    18
         Trog's Hand       |       |       |       |       |     4 |       |     3 |       |       ||     7
         Brothers in Arms  |       |       |       |       |     2 |     4 |     6 |     3 |       ||    15
  Evoke: Wand              |       |       |       |       |     2 |       |       |       |       ||     2
    Use: Potion            |       |       |     2 |       |     1 |       |    11 |       |       ||    14
         Scroll            |       |       |     5 |    16 |    15 |     5 |    16 |     7 |     6 ||    70
   Stab: Paralysed         |       |       |       |       |     1 |       |       |       |       ||     1
         Distracted        |       |       |       |       |     2 |     1 |     1 |     3 |       ||     7
 Armour: Scale mail        |    43 |    56 |    70 |       |    23 |    48 |       |       |       ||   240
         Chain mail        |       |       |   103 |   352 |       |       |       |       |       ||   455
         Skin              |       |       |     2 |       |       |       |       |       |       ||     2
         Plate armour      |       |       |       |   125 |   725 |   478 |   615 |   933 |   493 ||  3369
  Dodge: Dodged            |    24 |    30 |    69 |   164 |   426 |   477 |   492 |   737 |   353 ||  2772
         Repelled          |       |       |       |       |       |    15 |       |       |       ||    15
  Block: Buckler           |    15 |    21 |    43 |   160 |   299 |       |       |       |       ||   538
         Tower shield      |       |       |       |       |    94 |  1123 |  1336 |  2374 |   933 ||  5860

Table legend: (Time is in decaauts)
 A = Elapsed time spent in this place.
 B = Non-inter-level travel time spent in this place.
 C = Inter-level travel time spent in this place.
 D = Time resting spent in this place.
 E = Time spent auto-exploring this place.
 F = Levels seen in this place.
 G = Mean time per level.
                   A        B        C        D        E       F      G
               +--------+--------+--------+--------+--------+-----+--------+
         Total |  57271 |  45696 |  11575 |      0 |  30607 |  59 |  970.7 |
       Dungeon |  17176 |  12408 |   4768 |      0 |   9110 |  15 | 1145.1 |
        Temple |     99 |      3 |     96 |      0 |      0 |   1 |   99.0 |
          Lair |   6031 |   4873 |   1158 |      0 |   3636 |   5 | 1206.2 |
        Shoals |   3205 |   2667 |    538 |      0 |   1751 |   4 |  801.2 |
   Spider Nest |   3961 |   3451 |    510 |      0 |   2302 |   4 |  990.2 |
    Slime Pits |    553 |    438 |    115 |      0 |    151 |   4 |  138.2 |
  Orcish Mines |   2330 |   1187 |   1143 |      0 |    334 |   2 | 1165.0 |
   Elven Halls |   3806 |   2736 |   1070 |      0 |   1680 |   3 | 1268.7 |
        Vaults |   7092 |   6182 |    910 |      0 |   4241 |   5 | 1418.4 |
         Crypt |   2474 |   2273 |    201 |      0 |   1581 |   3 |  824.7 |
        Depths |   5171 |   4348 |    823 |      0 |   3135 |   4 | 1292.8 |
           Zot |   4221 |   3983 |    238 |      0 |   2327 |   5 |  844.2 |
        Bazaar |     96 |     96 |      0 |      0 |     42 |   1 |   96.0 |
         Sewer |    198 |    198 |      0 |      0 |    137 |   1 |  198.0 |
      Ice Cave |    177 |    177 |      0 |      0 |      0 |   1 |  177.0 |
       Volcano |    674 |    674 |      0 |      0 |    176 |   1 |  674.0 |
               +--------+--------+--------+--------+--------+-----+--------+

Top non-repeatable levels by time:
    D:14: 1897 daAuts
    D:15: 1861 daAuts
Vaults:1: 1746 daAuts
    D:10: 1713 daAuts
Depths:4: 1663 daAuts
Vaults:4: 1659 daAuts
     D:8: 1609 daAuts
Depths:2: 1547 daAuts
   Orc:2: 1524 daAuts
Vaults:5: 1448 daAuts
  Lair:5: 1406 daAuts
Spider:2: 1361 daAuts
   Zot:3: 1295 daAuts
   Elf:3: 1295 daAuts
   Elf:2: 1258 daAuts
